 Dungeon Crawl Stone Soup version 0.26-a0-662-g8b9c6dab81 (webtiles) character file.

Game seed: 17225946622650502011

54 mobtown the Grave Robber (level 3, -1/19 HPs)
             Began as a Deep Elf Necromancer on Oct 9, 2020.
             Slain by a bullfrog zombie (3 damage)
             ... on level 2 of the Dungeon.
             The game lasted 00:06:34 (2798 turns).

mobtown the Grave Robber (Deep Elf Necromancer)     Turns: 2798, Time: 00:06:35

Health: -1/19      AC:  2    Str:  5    XL:     3   Next: 66%
Magic:  10/10      EV: 13    Int: 26    God:
Gold:   88         SH:  0    Dex: 15    Spells: 5/10 levels left

rFire    x . .     SeeInvis .   d - -3 whip (curse)
rCold    + . .     Faith    .   (no shield)
rNeg     . . .     Spirit   .   a - +0 robe
rPois    .         Reflect  .   (no helmet)
rElec    .         Harm     .   (no cloak)
rCorr    .         Rampage  .   (no gloves)
MR       .....                  (no boots)
Stlth    ++........             (no amulet)
HPRegen  0.06/turn              f - +6 ring of intelligence
MPRegen  0.12/turn              h - ring of ice

@: no status effects
A: no striking features
a: no special abilities


You were on level 2 of the Dungeon.
You visited 1 branch of the dungeon, and saw 2 of its levels.

You collected 88 gold pieces.

Inventory:

Hand Weapons
 d - a cursed -3 whip (weapon)
 i - a +3 dagger of freezing
Missiles
 b - 76 stones (quivered)
Armour
 a - a +0 robe (worn)
Jewellery
 f - a +6 ring of intelligence (left hand)
 h - a ring of ice (right hand)
Scrolls
 g - a scroll of identify
Potions
 c - 4 potions of curing
 e - a potion of resistance {unknown}


   Skills:
 + Level 2.6 Dodging
 + Level 2.6 Stealth
 + Level 4.0 Spellcasting
 * Level 5.8 Necromancy


You had 5 spell levels left.
You knew the following spells:

 Your Spells              Type           Power        Failure   Level
a - Pain                  Necr           ####         1%          1
b - Vampiric Draining     Necr           #####.....   2%          3
c - Animate Skeleton      Necr           #####.       1%          1

Your spell library contained the following spells:

 Spells                   Type           Power        Failure   Level
 Animate Dead             Necr           #####.....   8%          4
 Agony                    Necr           #####...     22%         5


Dungeon Overview and Level Annotations

Branches:
Dungeon (2/15)

Altars:
Vehumet


Message History

The bullfrog zombie is lightly damaged.
The bullfrog zombie hits you.
You hit the bullfrog zombie.
The bullfrog zombie is moderately damaged.
The bullfrog zombie hits you. The bullfrog zombie misses you.
You hit the bullfrog zombie but do no damage.
The bullfrog zombie is moderately damaged.
The bullfrog zombie hits you.
* * * LOW HITPOINT WARNING * * *
The bullfrog zombie hits you.
* * * LOW HITPOINT WARNING * * *
The bullfrog zombie misses you.
The bullfrog zombie hits you but does no damage.
The bullfrog zombie hits you.
* * * LOW HITPOINT WARNING * * *
The bullfrog zombie hits you.
* * * LOW HITPOINT WARNING * * *
There is a stone staircase leading up here.
The bullfrog zombie hits you.
You die...

#...# #.........#......##.....###
##.## #.###.##......_......##....
#. #.# #.....##......#.####### #.
#.# #####.##......#.####### ##'#
#.# #.####....#........
#...###.#######.####.####.#######
.....##..................Z## #
......######.#...###.##.##.## ##
.......####.....@##..##.#...####.
.......'........Z..............+.
.......####...#.#####.......####.
......## ##.##.# #.......## ##
.....## ####.# ##......# # #...##
#.# ##...#.# ##'## #.# ##.##.#
#.# #.# ####)# #.# ##### #.# #.#


You could see a bullfrog zombie.

Vanquished Creatures
  2 adders (D:2)
  A worm (D:2)
  3 dart slugs
  A ball python (D:2)
  6 bats
  A giant cockroach (D:2)
  2 hobgoblins (D:2)
  2 frilled lizards
  4 goblins
  6 kobolds
  2 rats (D:2)
30 creatures vanquished.

Vanquished Creatures (others)
  A plant (D:1)
1 creature vanquished.

Grand Total: 31 creatures vanquished

Notes
Turn   | Place    | Note
-------+----------+-------------------------------------------
     0 | D:1      | mobtown the Deep Elf Necromancer began the quest for the
                  | Orb.
     0 | D:1      | Reached XP level 1. HP: 10/10 MP: 6/6
   288 | D:1      | Reached skill level 5 in Necromancy
   766 | D:1      | Reached XP level 2. HP: 15/15 MP: 6/8
  1512 | D:2      | Reached XP level 3. HP: 14/19 MP: 5/10
  1517 | D:2      | Learned a level 3 spell: Vampiric Draining
  1519 | D:2      | Learned a level 1 spell: Animate Skeleton
  2325 | D:2      | Found a radiant altar of Vehumet.
  2798 | D:2      | Slain by a bullfrog zombie

Illustrated notes

Levels and vault maps discovered:
D:1:      minmay_arrival_jagged, layout_basic, chequers_big_river
D:2:      layout_loops_corners, nicolae_overflow_crystal_walls,
          minmay_tromino_v2

Skill      XL: |  1  2  3 |
---------------+----------+-----
Necromancy     | 5 |  5.8
Spellcasting   | 4 |  4.0
Dodging        | |  2.6
Stealth        | |  2.6

Action                   || total
-------------------------++-------
Melee: Whip              ||    10
 Cast: Pain              ||    56
  Use: Scroll            ||     6
 Stab: Sleeping          ||     1
Armor: Robe              ||     2
Dodge: Dodged            ||    12

Table legend: (Time is in decaauts)
 A = Elapsed time spent in this place.
 B = Non-inter-level travel time spent in this place.
 C = Inter-level travel time spent in this place.
 D = Time resting spent in this place.
 E = Time spent auto-exploring this place.
 F = Levels seen in this place.
 G = Mean time per level.
                   A        B        C        D        E       F      G
               +--------+--------+--------+--------+--------+-----+--------+
         Total |   2806 |   2806 |      0 |    806 |   1667 |   2 | 1403.0 |
       Dungeon |   2806 |   2806 |      0 |    806 |   1667 |   2 | 1403.0 |
               +--------+--------+--------+--------+--------+-----+--------+

Top non-repeatable levels by time:
     D:2: 1574 daAuts
     D:1: 1232 daAuts
